[Event "9. Forchheimer Sparkassen Open 2010"]
[Site "Forchheim"]
[Date "2010.10.01"]
[Round "1.4"]
[White "Weidel, Albrecht"]
[Black "Schramm, Christian"]
[Result "1/2-1/2"]
[ECO "E61"]
[WhiteElo "2129"]
[BlackElo "2288"]
[PlyCount "38"]
[EventDate "2010.??.??"]
[TimeControl "300"]

1. d4 d6 2. c4 e5 3. e3 Nc6 4. Nf3 Nf6 5. Nc3 g6 6. Be2 Bg7 7. O-O O-O 8. b3
Re8 9. d5 Nb8 10. e4 Nh5 11. Bg5 f6 12. Bh4 Nf4 13. Ne1 h5 14. f3 Bh6 15. Nd3
Na6 16. Nxf4 Bxf4 17. a3 Be3+ 18. Bf2 Bg5 19. b4 Rf8 1/2-1/2

[Event "9. Forchheimer Sparkassen Open 2010"]
[Site "Forchheim"]
[Date "2010.10.01"]
[Round "1.5"]
[White "Schöne, Ralf"]
[Black "Turner, Radek"]
[Result "1-0"]
[ECO "A64"]
[WhiteElo "2268"]
[BlackElo "2119"]
[PlyCount "63"]
[EventDate "2010.??.??"]
[TimeControl "300"]

1. d4 Nf6 2. c4 c5 3. d5 e6 4. Nc3 exd5 5. cxd5 d6 6. g3 g6 7. Bg2 Bg7 8. Nf3
O-O 9. O-O a6 10. a4 Nbd7 11. Nd2 Re8 12. a5 Rb8 13. Nc4 Qc7 14. h3 b5 15. axb6
Nxb6 16. Na5 Bd7 17. Nc6 Ra8 18. g4 Bxc6 19. dxc6 Red8 20. g5 Ne8 21. Nd5 Nxd5
22. Bxd5 Rdb8 23. Ra4 Rb6 24. Rf4 Ra7 25. Rxf7 Qxf7 26. Bxf7+ Rxf7 27. Qd5 Kf8
28. e4 Ke7 29. e5 Bxe5 30. Re1 Nc7 31. Rxe5+ dxe5 32. Qxc5+ 1-0

[Event "9. Forchheimer Sparkassen Open 2010"]
[Site "Forchheim"]
[Date "2010.10.01"]
[Round "1.12"]
[White "Bachstein, Dustin"]
[Black "Heimrath, Reiner"]
[Result "0-1"]
[ECO "B08"]
[WhiteElo "2078"]
[BlackElo "2175"]
[PlyCount "42"]
[EventDate "2010.??.??"]
[TimeControl "300"]

1. e4 d6 2. Nc3 g6 3. d4 Bg7 4. Be3 Nf6 5. Be2 c6 6. Nf3 b5 7. a3 O-O 8. O-O
Nbd7 9. Qd2 Re8 10. Rad1 Qc7 11. d5 a6 12. dxc6 Qxc6 13. Nd4 Qc7 14. f4 Bb7 15.
Bf3 Nb6 16. Qe2 Nc4 17. Bc1 e5 18. Nb3 exf4 19. Bxf4 Nxb2 20. Nxb5 axb5 21. Nd4
Nxd1 0-1

[Event "9. Forchheimer Sparkassen Open 2010"]
[Site "Forchheim"]
[Date "2010.10.01"]
[Round "1.14"]
[White "Walter, Florian"]
[Black "Grafe, Wilhelm"]
[Result "1/2-1/2"]
[ECO "A39"]
[WhiteElo "2069"]
[BlackElo "2159"]
[PlyCount "29"]
[EventDate "2010.??.??"]
[TimeControl "300"]

1. Nf3 Nf6 2. c4 g6 3. g3 Bg7 4. Bg2 O-O 5. O-O c5 6. Nc3 Nc6 7. Rb1 d5 8. b3
b6 9. Bb2 e6 10. d4 cxd4 11. Nxd4 Nxd4 12. Qxd4 Bb7 13. Rfd1 Qb8 14. cxd5 Nxd5
15. Qd2 1/2-1/2

[Event "9. Forchheimer Sparkassen Open 2010"]
[Site "Forchheim"]
[Date "2010.10.01"]
[Round "1.21"]
[White "Nigmatulin, Anatoly"]
[Black "Kuhmann, Peter"]
[Result "1/2-1/2"]
[ECO "B01"]
[WhiteElo "2000"]
[BlackElo "1934"]
[PlyCount "31"]
[EventDate "2010.??.??"]
[TimeControl "300"]

1. e4 d5 2. exd5 Nf6 3. Bb5+ Bd7 4. Be2 Nxd5 5. d4 Bf5 6. Nf3 e6 7. O-O Be7 8.
c4 Nb4 9. Na3 c5 10. Be3 Nd7 11. Qb3 cxd4 12. Nxd4 Be4 13. Nac2 Nxc2 14. Nxc2
O-O 15. Rfd1 Qc7 16. Nd4 1/2-1/2